cohdb
Replays
Latest Replays
All Replays
Popular Replays
Top Player Replays
Match Explorer
How It Works
Community
CoH3 Stats
Reddit
Sign in to upload your games and track your stats! →
Sign in with Steam
Match 46770792
Unlisted
Match 46770792
Overview
Messages
Build Orders
End
Construct Section Command Post
Dingo Light Scout Car
Dingo Light Scout Car
Selects Air and Sea Battlegroup
Construct Platoon Command Post
Selects Supply Surplus
Construct Resource Cache
Construct Resource Cache
Construct Resource Cache
Construct Resource Cache
Construct Field Infirmary
6-pounder Anti-tank Gun Team
Unlock M3 Stuart Light Tanks
M3 Stuart Light Tank
M3 Stuart Light Tank
Construct Company Command Post
Foot Guards Section
Foot Guards Section
Foot Guards Section
Forward Retreat Point
Selects UNKNOWN (223837)
Selects Assault Flares
Crusader II Medium Tank
Foot Guards Section
Infantry Training
Assault Flares
Crusader II Medium Tank
Selects Commando Section Paradrop
Selects M1 Pack Howitzer Paradrop
Assault Flares
Crusader II Medium Tank
Construct Field Infirmary
Commando Section Paradrop
Construct Resource Cache
Forward Retreat Point
Assault Flares
Selects Anti-tank Rocket Loiter
Jm200092
roland8510
Pepe87
Mithers
White Raven
vins88
elfen
asfgdfgs
0
0
Comments
sign in to comment!
No comments posted yet!